 Dungeon Crawl Stone Soup version 0.32-a0-314-g526f7d4993 (webtiles) character file.

Game seed: 4774826897892718943

144 Amplified the Chopper (level 5, -3/47 HPs)
             Began as a Mountain Dwarf Monk on Feb 16, 2024.
             Engulfed by a steam dragon's steam (8 damage)
             ... on level 4 of the Dungeon.
             The game lasted 00:03:00 (2170 turns).

Amplified the Chopper (Mountain Dwarf Monk)         Turns: 2170, Time: 00:03:01

Health: -3/47      AC:  6    Str: 15 (16) XL:     5   Next: 5%
Magic:  6/6        EV: 11    Int:  9 (10) God:
Gold:   33         SH:  0    Dex: 12      Spells: 4/6 levels left

rFire   . . .        j - +0 broad axe
rCold   . . .        d - orb {light}
rNeg    . . .        e - +0 ring mail
rPois   .            (no helmet)
rElec   .            (no cloak)
rCorr   .            f - +0 pair of gloves
SInv    .            (no boots)
Will    .....        h - amulet of faith
Stlth   +            (no ring)
HPRegen 0.27/turn    (no ring)
MPRegen 0.10/turn

%: faith
@: hasted, glowing, studying Ranged Weapons, very quick
A: runic magic, artefact enchanting
a: no special abilities


You were on level 4 of the Dungeon.
You visited 1 branch of the dungeon, and saw 4 of its levels.

You collected 129 gold pieces.
You spent 96 gold pieces at shops.

Inventory:

Hand Weapons
 j - a +0 broad axe (weapon)
Armour
 d - an orb of light (worn)
 e - a +0 ring mail (worn)
 f - a +0 pair of gloves (worn)
Jewellery
 h - an amulet of faith (around neck)
Scrolls
 i - a scroll of vulnerability
Potions
 b - a potion of haste
 c - a potion of ambrosia


   Skills:
 * Level 4.3 Fighting
 * Level 4.7 Axes
 + Level 1.6 Armour
 - Level 2.1 Dodging
 * Level 1.2 Spellcasting
 * Level 1.3 Translocations


You had 4 spell levels left.
You knew the following spells:

 Your Spells              Type           Power      Damage    Failure   Level
a - Lesser Beckoning      Tloc           4%         N/A       36%         2

Your spell library contained the following spells:

 Spells                   Type           Power      Damage    Failure   Level
 Magic Dart               Conj           0%         1d3       38%         1
 Searing Ray              Conj           0%         2d4       54%         2
 Gell's Gravitas          Tloc           2%         N/A       58%         3
 Teleport Other           Tloc           2%         N/A       58%         3
 Fulminant Prism          Conj/Alch      0%         3d5       99%         4


Dungeon Overview and Level Annotations

Branches:
Dungeon (4/15)
 Temple: D:4-7

Altars:
Nemelex Xobeh
Uskayaw

Shops:
D:3 (*   D:4 *[

Annotations:
D:2 Natasha


Innate Abilities, Weirdness & Mutations

Your spellcasting is much less encumbered by armour.
You can use scrolls of enchantment on lesser artefacts.


Message History

You aren't carrying any items that you can evoke.
Unknown command.
You hit the steam dragon but do no damage.
You are engulfed in a cloud of scalding steam.
The steam dragon completely misses you.
The steam dragon claws you but does no damage.
You hit the steam dragon but do no damage.
The steam dragon barely misses you. The steam dragon claws you.
You hit the steam dragon but do no damage.
The steam dragon barely misses you. The steam dragon claws you.
You hit the steam dragon.
The steam dragon is lightly wounded.
The steam dragon closely misses you. The steam dragon claws you.
Okay, then.
You barely miss the steam dragon. The steam dragon bites you.
The steam dragon claws you.
You slash the steam dragon!
The steam dragon is moderately wounded.
You hit the steam dragon.
The steam dragon is moderately wounded.
The steam dragon breathes steam at you. The ball of steam hits you!
* * * LOW HITPOINT WARNING * * *
Unknown command.
You barely miss the steam dragon.
The steam dragon is moderately wounded.
You are engulfed in a cloud of scalding steam.
The steam dragon misses you. The steam dragon claws you.
* * * LOW HITPOINT WARNING * * *
Unknown command.
You slash the steam dragon!
The steam dragon is severely wounded.
You are engulfed in a cloud of scalding steam.
* * * LOW HITPOINT WARNING * * *
The steam dragon closely misses you. The steam dragon barely misses you.
Unknown command.
You hit the steam dragon.
The steam dragon is severely wounded.
You are engulfed in a cloud of scalding steam.
You die...

# #.# .# #(#
#.######.# #.#
#....D...#
.......####@###
#.## #.# #.## #.#
#.# ##..# ######.#
##.###...#
.......###........#
...........#...#..#
########.#..#.#..##
#.....∩...#
##...#.#..#


You could see a steam dragon.

Vanquished Creatures
  A gnoll (D:4)
  4 adders
  A dart slug (D:3)
  2 orcs (D:3)
  4 ball pythons
  5 endoplasms
  5 giant cockroaches
  3 goblins
  5 hobgoblins
  4 jackals
  7 kobolds
  4 quokkas
  4 bats
  2 rats (D:1)
51 creatures vanquished.

Notes
Turn   | Place    | Note
-------+----------+-------------------------------------------
     0 | D:1      | Amplified the Mountain Dwarf Monk began the quest for the
                  | Orb.
     0 | D:1      | Reached XP level 1. HP: 19/19 MP: 1/1
   264 | D:1      | Reached XP level 2. HP: 23/26 MP: 2/2
   364 | D:1      | Reached skill level 1 in Armour
   465 | D:1      | Reached XP level 3. HP: 33/33 MP: 3/3
   468 | D:1      | Learned a level 2 spell: Lesser Beckoning
   933 | D:2      | Noticed Natasha
  1123 | D:3      | Reached XP level 4. HP: 38/40 MP: 4/4
  1123 | D:3      | Found a sparkling altar of Nemelex Xobeh.
  1149 | D:3      | Found a hide-covered altar of Uskayaw.
  1325 | D:3      | Found Atous's Assorted Antiques.
  1334 | D:3      | Bought a scroll labelled YTZOIC XOLIKLI for 26 gold pieces
  1334 | D:3      | Bought a scroll labelled EDARUE ADGHU for 26 gold pieces
  1612 | D:3      | Reached skill level 1 in Translocations
  1726 | D:3      | Found Buuwudao's Weapon Shoppe.
  1785 | D:4      | Reached skill level 1 in Spellcasting
  1818 | D:4      | Noticed an ogre
  2073 | D:4      | Found Zuumeo's General Store.
  2112 | D:4      | Reached XP level 5. HP: 47/47 MP: 6/6
  2112 | D:4      | Bought a +0 broad axe for 44 gold pieces
  2141 | D:4      | Found Ematwore's Armour Emporium.
  2155 | D:4      | Noticed a steam dragon
  2170 | D:4      | Engulfed by a steam dragon's steam

Illustrated notes

Levels and vault maps discovered:
D:1:      minmay_arrival_split_and_join, layout_basic
D:2:      layout_basic, hellmonk_ecumenical_altar_inner_sanctum, basic_altar,
          minivault_5, uniq_crazy_yiuf_cottage, uniq_natasha
D:3:      layout_basic, nemelex_dance_club_becter, lemuel_round_altar,
          serial_shops, shop, nicolae_lakefront_shop
D:4:      layout_loops_ring, kiku_gazebo_garden_becter, kennysheep_mini,
          minmay_temple_entry_drinking_statues, serial_shops, shop_statue,
          nicolae_shop_advertising_works [nicolae_subvault_shop_adworks],
          minmay_manual_mandibuliform

Skill      XL: |  1  2  3  4 |
---------------+-------------+-----
Axes           | 4 |  4.7
Armour         | 1 |  1.6
Fighting       | 4 |  4.3
Translocations | 1 |  1.3
Spellcasting   | 1 |  1.2
Dodging        | |  2.1

Action                     |  1- 3 |  4- 6 || total
---------------------------+-------+-------++-------
  Melee: Hand axe          |    81 |    75 ||   156
         Broad axe         |       |    11 ||    11
    Use: Scroll            |     3 |     3 ||     6
         Potion            |     2 |     2 ||     4
 Armour: Robe              |    10 |       ||    10
         Ring mail         |    47 |    68 ||   115
  Dodge: Dodged            |    34 |    52 ||    86

Table legend: (Time is in decaauts)
 A = Elapsed time spent in this place.
 B = Non-inter-level travel time spent in this place.
 C = Inter-level travel time spent in this place.
 D = Time resting spent in this place.
 E = Time spent auto-exploring this place.
 F = Levels seen in this place.
 G = Mean time per level.
                   A        B        C        D        E       F      G
               +--------+--------+--------+--------+--------+-----+--------+
         Total |   2178 |   2063 |    115 |     71 |   1521 |   4 |  544.5 |
       Dungeon |   2178 |   2063 |    115 |     71 |   1521 |   4 |  544.5 |
               +--------+--------+--------+--------+--------+-----+--------+

Top non-repeatable levels by time:
     D:3: 844 daAuts
     D:1: 843 daAuts
     D:4: 343 daAuts
     D:2: 147 daAuts
